 Dungeon Crawl Stone Soup version 0.30.1-11-g7821555f0a (webtiles) character file.

Game seed: 2635159961897054943

58 porpoise the Shooter (level 4, -1/34 HPs)
             Began as a Human Hunter on Jan 16, 2024.
             Slain by Terence
             ... wielding a +4 hand axe
              (10 damage)
             ... on level 2 of the Dungeon.
             The game lasted 00:02:07 (787 turns).

porpoise the Shooter (Human Hunter)                  Turns: 787, Time: 00:02:08

Health: -1/34      AC:  3    Str: 12    XL:     4   Next: 21%
Magic:  4/4        EV: 12    Int:  9    God:
Gold:   64         SH:  0    Dex: 18    Spells: 3/3 levels left

rFire   . . .        a - +0 shortbow
rCold   . . .        (shield currently unavailable)
rNeg    . . .        c - +0 leather armour
rPois   .            (no helmet)
rElec   .            (no cloak)
rCorr   .            (no gloves)
SInv    .            (no boots)
Will    .....        (no amulet)
Stlth   ++           (no ring)
HPRegen 0.25/turn    (no ring)
MPRegen 0.09/turn

%: no passive effects
@: no status effects
A: no striking features
a: no special abilities


You were on level 2 of the Dungeon.
You visited 1 branch of the dungeon, and saw 2 of its levels.

You collected 64 gold pieces.

Inventory:

Hand Weapons
 a - a +0 shortbow (weapon)
 d - a +0 dagger of electrocution
Missiles
 l - 9 poisoned darts
Armour
 c - a +0 leather armour (worn)
Scrolls
 b - a scroll of immolation
 e - a scroll of enchant weapon {unknown}
 h - a scroll of blinking {unknown}
 k - a scroll of noise {unknown}
 o - a scroll of teleportation {unknown}
Potions
 f - 2 potions of heal wounds {unknown}
 g - a potion of brilliance {unknown}
 i - a potion of invisibility {unknown}
 j - a potion of flight {unknown}
 m - a potion of curing {unknown}
 n - a potion of attraction {unknown}


   Skills:
 + Level 2.8 Fighting
 * Level 5.0 Ranged Weapons
 - Level 2.0 Dodging
 - Level 1.0 Stealth


You had 3 spell levels left.
You didn't know any spells.
Your spell library was empty.

Dungeon Overview and Level Annotations

Branches:
Dungeon (2/15)

Altars:

Annotations:
D:2 Terence


Message History

You open the door.
There is an open door here.
You now have 64 gold pieces (gained 11).
A bat comes into view.
You shoot an arrow. The arrow hits the bat!
You kill the bat!
No target in view!
Terence the Incautious comes into view.
He is wielding a +4 hand axe.
You shoot an arrow.
The arrow hits Terence but does no damage.
You shoot an arrow. The arrow hits Terence.
Terence is lightly wounded.
You shoot an arrow.
The arrow hits Terence but does no damage.
Terence is lightly wounded.
You shoot an arrow.
The arrow hits Terence but does no damage.
Terence is lightly wounded.
You shoot an arrow. The arrow hits Terence.
Terence is moderately wounded.
Terence hits you with a +4 hand axe!
You shoot an arrow. The arrow barely misses Terence.
Terence barely misses you.
You shoot an arrow.
The arrow hits Terence but does no damage.
Terence is moderately wounded.
Terence closely misses you. Terence hits you with a +4 hand axe.
You shoot an arrow. The arrow closely misses Terence.
Terence shouts, "Get ready for death!"
Terence misses you.
You shoot an arrow.
The arrow hits Terence but does no damage.
Terence is moderately wounded.
Terence barely misses you.
You shoot an arrow. The arrow barely misses Terence.
Terence hits you with a +4 hand axe! Terence hits you with a +4 hand axe.
* * * LOW HITPOINT WARNING * * *
You shoot an arrow. The arrow hits Terence.
Terence is heavily wounded.
Terence hits you with a +4 hand axe!
You die...

########## .........#
#..... .........# #.....
.........# ##.....
.........#### #......
............# ##......
......@@.##.#####.......
..................#.....
..........#.#######.รท...
.............#........##
...............##...#<##
.........###...##.###.##
......................#.
.........##..#....#####.
########....#....# #.


You could see Terence.

Vanquished Creatures
  2 adders (D:2)
  A worm (D:2)
  A dart slug (D:2)
  6 bats
  2 endoplasms
  3 goblins
  3 hobgoblins (D:2)
  3 jackals (D:2)
  4 ball pythons
  2 frilled lizards (D:1)
  3 kobolds
  3 rats (D:1)
33 creatures vanquished.

Notes
Turn   | Place    | Note
-------+----------+-------------------------------------------
     0 | D:1      | porpoise the Human Hunter began the quest for the Orb.
     0 | D:1      | Reached XP level 1. HP: 16/16 MP: 1/1
   128 | D:1      | Reached XP level 2. HP: 22/22 MP: 2/2
   473 | D:2      | Reached XP level 3. HP: 28/28 MP: 3/3
   682 | D:2      | Reached XP level 4. HP: 34/34 MP: 4/4
   705 | D:2      | Reached skill level 5 in Ranged Weapons
   776 | D:2      | Noticed Terence
   787 | D:2      | Slain by Terence

Illustrated notes

Levels and vault maps discovered:
D:1:      dpeg_arrival_boxes_within_box, layout_rooms
D:2:      layout_basic, nicolae_ecumenical_lake_church,
          minmay_misc_feat_nine_boxes, kennysheep_generic_room_12, uniq_terence

Skill      XL: |  1  2  3  4 |
---------------+-------------+-----
Ranged Weapons | 5 |  5.0
Fighting       | |  2.8
Dodging        | |  2.0
Stealth        | |  1.0

Action                     |  1- 3 |  4- 6 || total
---------------------------+-------+-------++-------
   Fire: Shortbow          |    55 |    26 ||    81
 Armour: Leather armour    |     2 |     1 ||     3
  Dodge: Dodged            |    10 |     8 ||    18
